 Dungeon Crawl Stone Soup version 0.19-a0-1002-g674d22e (webtiles) character file.

29 mistymad the Skirmisher (level 3, 0/29 HPs)
             Began as a Formicid Abyssal Knight on July 19, 2016.
             Was a Follower of Lugonu.
             Succumbed to an adder's poison
             ... on level 1 of the Dungeon.
             The game lasted 00:01:23 (482 turns).

mistymad the Skirmisher (Formicid Abyssal Knight)    Turns: 482, Time: 00:01:25

Health: 0/29       AC:  4    Str: 17    XL:     3   Next: 32%
Magic:  4/4        EV: 11    Int: 11    God:    Lugonu [*.....]
Gold:   22         SH:  0    Dex: 10    Spells: 0 memorised, 2 levels left

rFire  . . .     SeeInvis +     a - +1 hand axe
rCold  . . .     Gourm    .     b - +0 leather armour
rNeg   . . .     Faith    .     (no shield)
rPois  .         Spirit   .     (helmet unavailable)
rElec  .         Dismiss  .     (no cloak)
rCorr  .         Reflect  .     (no gloves)
SustAt .         Harm     .     d - +0 pair of boots
MR     .....                    (no amulet)
Stlth  +.........               (no ring)
                                (no ring)

@: lethally poisoned (0 -> -17), not resistant to hostile enchantments, very
unstealthy
A: permanent stasis, dig shafts and tunnels, four strong arms, antennae 3
a: Dig, Shaft Self, Depart the Abyss, Renounce Religion


You were on level 1 of the Dungeon.
You worshipped Lugonu.
Lugonu was aware of your devotion.
You were not hungry.

You visited 1 branch of the dungeon, and saw 1 of its levels.
You visited the Abyss 1 time.

You collected 22 gold pieces.

Inventory:

Hand Weapons
 a - a +1 hand axe (weapon)
Armour
 b - a +0 leather armour (worn)
 d - a +0 pair of boots (worn)
Scrolls
 h - a scroll of blinking {unknown}
Potions
 e - a potion of agility {unknown}
Comestibles
 c - 2 bread rations
 f - a meat ration
 g - 2 chunks of flesh


   Skills:
 + Level 3.4 Fighting
 + Level 2.5 Axes
 + Level 3.0 Armour
 - Level 1.1 Dodging
 - Level 2.2 Invocations


You had 2 spell levels left.
You didn't know any spells.

Dungeon Overview and Level Annotations

Branches:
Dungeon (1/15)

Altars:


Innate Abilities, Weirdness & Mutations

You are under a permanent stasis effect.
You can dig through walls and to a lower floor.
Your four strong arms can wield two-handed weapons with a shield.
You have a pair of large antennae on your head. (SInv)


Message History

* * * LOW HITPOINT WARNING * * *
You take 9 damage, and have 2/24 hp.
MASSIVE DAMAGE!!
You are too injured to fight recklessly!
You are too injured to fight recklessly!
Unknown command.
You are too injured to fight recklessly!
Unknown command.
Unknown command.
You hit the adder.
You kill the adder!
Lugonu accepts your kill.
Your Armour skill increases to level 3!
You have reached level 3!
Your experience leads to an increase in your attributes!
Increase (S)trength, (I)ntelligence, or (D)exterity?
You feel stronger.
You hit the hobgoblin.
You kill the hobgoblin!
Lugonu accepts your kill.
You can now depart the Abyss.
You die...

#.##..............
....
.....#.#.#.#.#.#.#
##..
..###............
..# #
#.#.#.#.#.#.#
##...........
#............
#.#.....####.
#.##...## #.)@..##
......)####
....... .......
....... .......
....#.. ♣♣ ....#..
♣P♣ { ♣.♣


There were no monsters in sight!

Vanquished Creatures
  An adder (D:1)
  An ooze (D:1)
  A giant cockroach (D:1)
  A goblin (D:1)
  6 hobgoblins (D:1)
  A kobold (D:1)
  2 bats (D:1)
  A rat (D:1)
14 creatures vanquished.

Notes
Turn   | Place    | Note
-------+----------+-------------------------------------------
     0 | Abyss:1  | mistymad the Formicid Abyssal Knight began the quest for the Orb.
     0 | Abyss:1  | Reached XP level 1. HP: 18/18 MP: 2/2
    54 | Abyss:1  | Noticed a sixfirhy
    59 | D:1      | Escaped the Abyss
    65 | D:1      | Reached skill level 1 in Dodging
   110 | D:1      | Reached XP level 2. HP: 24/24 MP: 3/3
   482 | D:1      | Reached XP level 3. HP: 2/29 MP: 4/4
   482 | D:1      | Reached * piety under Lugonu
   482 | D:1      | Succumbed to an adder's poison

Vault maps used:
D:1:      dpeg_arrival_short_road, serial_forest, infiniplex_forest_straight_3,
          infiniplex_forest_clump_small, infiniplex_forest_end_3,
          infiniplex_forest_end_2, infiniplex_forest_corner_1, hex_large

Skill      XL: |  1  2 |
---------------+-------+-----
Dodging        | 1 |  1.1
Armour         | 3 |  3.0
Fighting       | |  3.4
Axes           | |  2.5
Invocations    | |  2.2

Action                   || total
-------------------------++-------
Melee: Hand axe          ||    43
Invok: Depart the Abyss  ||     1
Armor: Leather armour    ||    20
Dodge: Dodged            ||    39
